Map: King Sejong Station LE

Players

Nathanias - Winner!

  • Race: Terran Terran
  • League: Master

Miszu

  • Race: Terran Terran
  • League: Master

VOD

Have the link to the VOD?

Description

Time

  • Played on: July 6, 2016, 7:26 p.m.
  • Length: 16:41
Show
View Real Time Build Order
Export as new Build Order

Nathanias Terran - Winner!

Build Orders: 1/1/1, Cyclone Opening, MMM Bio 

Get SALT Encoding   

  12  0:00  SCV  
  13  0:12  SCV  
  14  0:17  Supply Depot  
  14  0:24  SCV  
  15  0:29  Refinery  
  15  0:39  SCV  
  16  0:45  Barracks  
  16  0:51  SCV  
  16  0:55  Refinery  
  17  1:03  SCV  
  18  1:15  SCV  
  19  1:27  SCV  
  20  1:35  Factory, Reaper  
  21  1:40  Orbital Command  
  21  1:50  Supply Depot  
  21  2:06  SCV  
  21  2:07  Reaper  
  23  2:18  SCV  
  23  2:21  Factory Tech Lab  
  23  2:22  Starport  
  24  2:30  SCV  
  25  2:37  Supply Depot  
  25  2:42  Reaper, SCV  
  27  2:45  Cyclone  
  27  2:46  Liberator  
  31  2:59  SCV  
  31  3:01  Supply Depot  
  35  3:11  SCV  
  36  3:17  Reaper  
  37  3:23  SCV  
  38  3:36  Command Center  
  38  3:37  Cyclone  
  39  3:48  SCV  
  36  3:58  Reaper  
  37  4:07  SCV  
  37  4:09  Barracks, Cyclone  
  42  4:11  Barracks  
  42  4:19  SCV  
  43  4:28  Supply Depot  
  43  4:31  SCV  
  44  4:42  Liberator  
  44  4:43  SCV  
  45  4:47  Cyclone  
  49  4:53  Supply Depot  
  49  4:55  SCV  
  51  5:07  SCV  
  51  5:09  Orbital Command  
  51  5:11  Barracks Reactor, Barracks Tech Lab  
  51  5:12  Barracks Reactor  
  51  5:20  SCV  
  48  5:32  Stimpack  
  48  5:33  Command Center  
  48  5:34  SCV  
  49  5:36  SCV  
  49  5:42  Refinery  
  50  5:46  SCV  
  50  5:48  SCV  
  52  5:51  Siege Tank  
  52  5:53  Marine x4  
  52  5:55  Marine  
  60  5:58  SCV  
  60  6:00  SCV  
  62  6:10  SCV  
  63  6:12  SCV  
  57  6:22  SCV  
  57  6:25  SCV  
  61  6:26  Marine x2, Siege Tank  
  61  6:27  Marine x2  
  61  6:29  Viking  
  62  6:34  SCV  
  62  6:36  Supply Depot, Marine  
  62  6:37  SCV  
  65  6:47  Bunker, SCV, Orbital Command  
  66  6:49  Engineering Bay, SCV  
  66  6:50  Engineering Bay  
  66  6:54  Marine x4  
  68  6:59  SCV  
  68  7:01  SCV  
  73  7:03  Siege Tank  
  73  7:07  Marine  
  77  7:11  SCV  
  77  7:13  Supply Depot, Marine, SCV  
  80  7:17  SCV  
  81  7:23  Barracks Reactor, Medivac x2, SCV  
  81  7:25  Marine  
  81  7:27  Refinery  
  81  7:28  SCV  
  81  7:29  SCV  
  89  7:33  Marine x2  
  91  7:37  Terran Infantry Weapons Level 1, Terran Infantry Armor Level 1  
  91  7:43  SCV  
  86  7:55  SCV  
  86  7:56  SCV  
  86  8:01  Missile Turret  
  86  8:03  Marine  
  86  8:04  Marine x4  
  86  8:05  Siege Tank  
  94  8:09  Orbital Command  
  94  8:12  Barracks x2  
  94  8:15  Sensor Tower  
  94  8:22  Supply Depot  
  94  8:23  Supply Depot  
  94  8:26  Marine x2  
  94  8:27  Marine x3  
  96  8:30  Armory  
  99  8:37  Medivac, Siege Tank  
  99  8:40  SCV  
  105  8:44  Marine x2  
  106  8:52  Marine x2  
  108  9:02  Barracks Reactor  
  109  9:03  Barracks Reactor, Marine, Combat Shields  
  109  9:04  Marine x2  
  109  9:07  Barracks, SCV x3  
  114  9:12  Barracks  
  114  9:16  Missile Turret  
  114  9:17  Missile Turret  
  114  9:18  Marine x2  
  114  9:19  Siege Tank, SCV  
  114  9:21  Marine  
  114  9:22  Marine  
  114  9:23  Factory  
  122  9:27  Marine  
  123  9:32  Medivac  
  125  9:40  Marine  
  125  9:45  Supply Depot  
  125  9:46  Supply Depot  
  125  9:56  Marine x5  
  125  9:57  Marine x2  
  125  9:58  Marine x2  
  125  9:59  Medivac  
  108  10:10  Marine  
  108  10:11  Marine  
  108  10:13  Marine x2  
  108  10:14  Marine x3  
  108  10:15  Marine x2  
  108  10:16  Marine  
  111  10:23  Marine  
  109  10:28  Marine x2  
  109  10:31  Marine x2  
  109  10:33  Marine x5  
  109  10:34  Marine  
  116  10:37  Medivac x2, Siege Tank  
  116  10:39  Terran Infantry Armor Level 2, Factory Tech Lab, Terran Infantry Weapons Level 2  
  116  10:41  Marine  
  124  10:49  Marine x2  
  128  10:50  SCV x3  
  128  10:51  Marine x5, Missile Turret  
  128  10:56  Barracks Reactor  
  134  10:59  Barracks Reactor  
  134  11:02  SCV x3  
  137  11:14  SCV  
  132  11:22  Marine x8  
  136  11:29  Marine  
  137  11:34  Marine, Siege Tank x2  
  137  11:35  Marine x3  
  141  11:48  Supply Depot  
  141  11:49  Supply Depot  
  141  11:55  Marine x2  
  141  11:56  Marine x4  
  111  12:09  Marine x5  
  111  12:11  Siege Tank x2  
  117  12:16  Marine  
  117  12:17  Marine x7  
  125  12:26  Marine  
  125  12:27  Marine x4  
  128  12:34  Marine, Command Center  
  129  12:43  Siege Tank  
  132  12:47  Marine x10  
  142  12:52  Medivac x2  
  142  12:57  Marine  
  143  13:30  Marine x10  
  143  13:31  Siege Tank  
  156  13:36  Supply Depot, Orbital Command  
  156  13:37  Supply Depot  
  155  13:46  Siege Tank  
  158  13:52  Marine x11  
  162  14:16  Marine x8  
  129  14:21  Marine x5  
  121  14:34  Marine x2  
  123  14:39  Siege Tank x2  
  129  15:11  Siege Tank x2  
  127  15:14  Marine  
  127  15:15  Marine x4  
  132  15:21  Planetary Fortress  
  132  15:31  Missile Turret  
  132  15:35  Marine x12, Medivac x2  
  137  15:36  Marine  
  149  15:53  Marine x3  
  151  16:00  Marine x8  
  146  16:05  Marine  
  146  16:06  Marine  
  146  16:11  Marine x3  
  143  16:17  Marine  
  143  16:18  Marine x5  
  144  16:20  SCV x3  
Show
View Real Time Build Order
Export as new Build Order

Miszu Terran 

Build Orders: MMM Bio 

Get SALT Encoding   

  12  0:01  SCV  
  13  0:13  SCV  
  14  0:20  Supply Depot  
  14  0:25  SCV  
  15  0:42  Barracks, SCV  
  16  0:44  Refinery  
  16  0:54  SCV  
  17  1:04  Barracks  
  17  1:06  SCV  
  18  1:18  SCV  
  19  1:30  Orbital Command  
  19  1:31  Reaper  
  20  1:37  Supply Depot  
  20  1:52  Reaper  
  21  1:56  SCV  
  22  2:07  Reaper  
  23  2:11  SCV  
  23  2:13  Command Center  
  24  2:16  Refinery  
  24  2:23  SCV  
  24  2:25  Reaper  
  26  2:35  SCV  
  26  2:43  Reaper  
  27  2:47  Barracks  
  27  2:48  SCV  
  28  2:57  Reaper  
  29  3:05  SCV  
  30  3:15  Barracks Tech Lab  
  30  3:25  SCV  
  31  3:35  Factory  
  31  3:37  Marine  
  31  3:38  Marine  
  31  3:39  Barracks Reactor  
  31  3:40  SCV, Orbital Command  
  31  3:54  Marine, Stimpack  
  31  3:56  Marine, SCV  
  31  3:57  Engineering Bay  
  33  4:06  SCV  
  33  4:08  SCV  
  35  4:12  Marine  
  35  4:13  Marine  
  36  4:18  Refinery, SCV  
  36  4:20  Starport, SCV, Factory Reactor  
  36  4:21  Marine  
  36  4:22  Marine  
  40  4:30  Terran Infantry Weapons Level 1, Marine, SCV  
  42  4:31  Marine  
  42  4:32  SCV  
  42  4:33  Supply Depot  
  44  4:39  Marine  
  44  4:40  Marine  
  46  4:53  Supply Depot  
  46  4:54  Marine x2  
  46  4:57  Marine x2  
  45  5:05  SCV x2  
  46  5:17  Marine x2, SCV x2  
  48  5:29  Medivac x2  
  48  5:31  SCV  
  48  5:32  SCV  
  48  5:34  Marine, Factory Tech Lab  
  55  5:39  Marine  
  56  5:43  SCV  
  56  5:45  Supply Depot  
  56  5:46  SCV  
  56  5:48  Marine  
  59  5:54  Combat Shields  
  59  5:55  Marine, SCV  
  59  5:56  Marine  
  62  6:07  SCV  
  62  6:08  Supply Depot  
  49  6:24  Marine  
  49  6:25  Marine x3  
  52  6:26  SCV x2  
  53  6:33  Siege Tank  
  53  6:38  SCV x2  
  58  6:42  Marine  
  58  6:43  Marine x3  
  58  6:44  Medivac x2  
  66  6:49  Supply Depot  
  66  6:50  SCV x2  
  66  6:52  Supply Depot  
  68  6:55  Terran Infantry Armor Level 1  
  68  7:00  Marine  
  68  7:01  Marine x3  
  72  7:02  SCV x2  
  72  7:05  Siege Tank  
  77  7:18  Marine x3  
  77  7:19  Command Center  
  77  7:21  Refinery  
  77  7:22  Supply Depot  
  81  7:24  Supply Depot  
  81  7:26  Barracks Reactor  
  80  7:31  Barracks  
  80  7:32  Barracks  
  80  7:33  SCV  
  80  7:36  Marine x3  
  84  7:54  Marine x3  
  84  7:57  Medivac x2, Siege Tank  
  84  7:58  SCV x2  
  95  8:01  Supply Depot  
  95  8:10  Marine x2, SCV  
  95  8:11  Marine  
  95  8:12  Marine x2  
  101  8:16  Engineering Bay  
  101  8:17  Armory  
  103  8:28  Barracks Reactor x2, Marine x2  
  103  8:29  Marine, Siege Tank  
  103  8:30  Marine x2  
  103  8:33  Orbital Command  
  109  8:34  SCV x2  
  111  8:46  Marine x2, SCV  
  111  8:47  SCV  
  115  8:50  Marine  
  115  8:52  Marine x2  
  113  8:56  Medivac  
  113  8:58  SCV  
  113  8:59  SCV x2  
  113  9:01  Siege Tank  
  121  9:04  Marine x2  
  121  9:06  Terran Infantry Weapons Level 2  
  121  9:08  Marine  
  121  9:09  Marine  
  124  9:10  SCV  
  127  9:17  Marine  
  127  9:18  Marine x2  
  127  9:22  Marine, Medivac  
  133  9:26  Missile Turret  
  133  9:27  Marine  
  133  9:29  Marine  
  133  9:30  Terran Infantry Armor Level 2  
  133  9:32  Missile Turret  
  133  9:33  Missile Turret  
  133  9:40  Sensor Tower  
  133  9:44  Marine x2  
  133  9:45  Siege Tank  
  133  9:46  Marine  
  133  9:57  Marine x6  
  119  10:02  Marine x2  
  119  10:03  Marine  
  120  10:14  Marine  
  120  10:15  Marine x3  
  113  10:34  Marine  
  113  10:35  Marine x8  
  100  10:36  Siege Tank  
  100  10:42  Medivac x2  
  107  10:44  Refinery  
  107  10:45  Supply Depot x2, Refinery  
  107  10:52  Marine  
  107  10:53  Marine x5  
  107  10:55  Marine  
  114  10:59  SCV x3  
  114  11:01  Factory, Command Center  
  117  11:05  Marine x2  
  117  11:08  Siege Tank  
  117  11:10  Marine x4  
  127  11:11  SCV x3  
  127  11:16  Marine  
  109  11:27  Marauder  
  107  11:35  Marine  
  107  11:36  Marine  
  105  11:58  SCV  
  97  12:05  Marine  
  97  12:06  Marine x4  
  100  12:12  Barracks Reactor  
  97  12:21  Command Center  
  94  12:23  Marine  
  94  12:24  Marine x4  
  99  12:33  Medivac x2  
  103  12:37  Terran Infantry Weapons Level 3  
  103  12:41  Marine  
  103  12:42  Marine x4  
  107  12:44  Siege Tank  
  110  12:53  Orbital Command  
  110  12:59  Marine x4  
  114  13:09  Terran Infantry Armor Level 3  
  114  13:12  Marine  
  115  13:17  Siege Tank  
  117  13:31  Marine  
  118  13:36  Marine x7  
  118  13:39  Marine  
  115  13:58  Marine x9  
  124  14:15  Marine  
  124  14:16  Marine x8  
  110  14:28  Siege Tank  
  113  14:33  Marine  
  113  14:34  Marine x5  
  119  14:41  Factory  
  119  15:00  Siege Tank  
  112  15:19  Marauder  
  114  15:21  Orbital Command  
  114  15:25  Marine x4  
  118  15:29  Factory Tech Lab  
  118  15:32  Siege Tank  
  101  16:04  Siege Tank  
  101  16:06  Marine  
  101  16:08  Marine  
  101  16:09  Marine x7  
Tags
 
Add a new tag
Caveats
  • Supply blocks, unpowered buildings, or Contaminate may cause inaccurate times.
  • Supply counts are checked every 10 seconds.